 Dungeon Sprint DCSS version 0.31.0-32-g396128a36d (webtiles) character file.

Game seed: 5005364011510826219

1783 Heoruswealwe the Impaler (level 8, -1/85 HPs)
             Began as a Minotaur Fighter on Mar 8, 2024.
             Was an Initiate of Gozag.
             Incinerated by a deep elf pyromancer (8 damage)
             ... with a pyre arrow
             ... in the Dungeon (Sprint IX: "|||||||||||||||||||||||||||||").
             The game lasted 00:02:59 (308 turns).

Heoruswealwe the Impaler (Minotaur Fighter)          Turns: 308, Time: 00:02:59

Health: -1/85      AC: 23    Str: 26    XL:     8   Next: 81%
Magic:  7/7        EV: 11    Int:  5    God:    Gozag
Gold:   513        SH:  0    Dex: 10    Spells: 7/7 levels left

rFire   . . .        b - +2 halberd (protect)
rCold   . . .        (shield currently unavailable)
rNeg    . . .        c - +1 chain mail
rPois   .            (helmet restricted)
rElec   .            h - +0 cloak
rCorr   .            f - +0 pair of gloves
SInv    .            (no boots)
Will    .....        (no amulet) Stlth
                     k - +2 ring of evasion
HPRegen 0.34/turn    j - +3 ring of strength
MPRegen 0.10/turn

%: no teleportation
@: on fire, gold aura, under a protective aura, glowing
A: horns 2, retaliatory headbutt
a: Renounce Religion, Potion Petition, Call Merchant, Bribe Branch


You were in the Dungeon.
You worshipped Gozag.
Gozag was pleased with you.
You visited 1 branch You collected 513 gold pieces.

Inventory:

Hand Weapons
 a - a +0 trident
 b - a +2 halberd of protection (weapon)
Armour
 c - a +1 chain mail (worn)
 d - a +0 buckler
 f - a +0 pair of gloves (worn)
 h - a +0 cloak (worn)
Jewellery
 j - a +3 ring of strength (right hand)
 k - a +2 ring of evasion (left hand)
Wands
 l - a wand of iceblast (10)
Scrolls
 o - 2 scrolls of blinking
Potions
 e - 2 potions of heal wounds
 g - a potion of haste
 i - a potion of berserk rage
 m - 4 potions of curing
 n - a potion of might


   Skills:
 + Level 12.4 Fighting
 * Level 16.5 Polearms
 + Level 12.4 Armour
 - Level 3.6 Shields


You had 7 spell levels left.
You didn't know any spells.
Your spell library was empty.

Dungeon Overview and Level Annotations

Branches:
Dungeon (1/1)

Altars:
Cheibriados
Dithmenos
Elyvilon
Fedhas
Gozag
Hepliaklqana
Kikubaaqudgha
Makhleb
Nemelex Xobeh
Okawaru
Qazlal
Ru
Sif Muna
Trog
Uskayaw
Vehumet
Wu Jian
Xom
Yredelemnul
Zin
The Shining One
Jiyva
Lugonu


Innate Abilities, Weirdness & Mutations

You have a pair of horns on your head.
You reflexively headbutt those who attack you in melee.


Message History

The cyan ugly thing stings you. The cyan ugly thing shocks you!
* * * LOW HITPOINT WARNING * * *
You impale the cyan ugly thing!! You headbutt the cyan ugly thing.
The cyan ugly thing is severely wounded.
The deep elf pyromancer mumbles some strange words.
The deep elf pyromancer blinks!
The cyan ugly thing stings you but does no damage.
You slash the cyan ugly thing! You headbutt the cyan ugly thing.
The cyan ugly thing is almost dead.
The deep elf pyromancer gestures at you while chanting.
The pyre arrow hits you.
You are covered in intense liquid fire!
You closely miss the cyan ugly thing.
Your headbutt misses the cyan ugly thing.
The cyan ugly thing is almost dead.
The liquid fire burns you!
* * * LOW HITPOINT WARNING * * *
The cyan ugly thing stings you but does no damage.
You hit the cyan ugly thing.
Your headbutt misses the cyan ugly thing.
The cyan ugly thing is almost dead.
The liquid fire burns you!
* * * LOW HITPOINT WARNING * * *
The deep elf pyromancer mumbles some strange words.
The two-headed ogre is distracted by your dazzling golden aura.
The cyan ugly thing closely misses you.
You closely miss the cyan ugly thing.
The two-headed ogre shouts in stereo!
Your headbutt misses the cyan ugly thing.
The cyan ugly thing is almost dead.
The liquid fire burns you!
* * * LOW HITPOINT WARNING * * *
The deep elf pyromancer hits you with a +0 dagger.
* * * LOW HITPOINT WARNING * * *
Unknown command.
You closely miss the cyan ugly thing.
The cyan ugly thing is almost dead.
The liquid fire burns you!
You die...
Your body crumbles into a pile of gold. ▓▓▓▓▓▓▓▓▓▓▓▓▓▓▓▓▓▓▓▓▓▓▓▓ !?)[.....))...Ee@uYcO..+ ▓▓▓▓▓▓▓▓▓▓▓▓▓▓▓▓▓▓▓▓▓▓▓▓

You could see a catoblepas, a cyan ugly thing, a centaur warrior, a two-headed ogre, a deep elf pyromancer and a fire elemental (summoned).

Vanquished Creatures
  A centaur warrior (D)
  A two-headed ogre (D)
  A water moccasin (D)
  An orc warrior (D)
  An ogre (D)
  A centaur (D)
  A gnoll sergeant (D)
  A killer bee (D)
  2 howler monkeys (D)
  A bombardier beetle (D)
  An adder (D)
  A bat (D)
  2 frilled lizards (D)
  2 rats (D)
17 creatures vanquished.

Notes
Turn   | Place    | Note
-------+----------+-------------------------------------------
     0 | D        | Heoruswealwe the Minotaur Fighter began the quest for the
                  | Orb.
     0 | D        | Reached XP level 1. HP: 19/19 MP: 0/0
    15 | D        | Reached skill level 3 in Polearms
    28 | D        | Noticed a bombardier beetle
    28 | D        | Noticed an ogre
    28 | D        | Noticed a water moccasin
    28 | D        | Noticed a howler monkey
    36 | D        | Killed a bombardier beetle
    37 | D        | Reached skill level 5 in Fighting
    37 | D        | Reached skill level 5 in Polearms
    37 | D        | Reached skill level 5 in Armour
    37 | D        | Reached XP level 2. HP: 29/29 MP: 1/1
    37 | D        | Reached XP level 3. HP: 36/36 MP: 2/2
    41 | D        | Killed an ogre
    42 | D        | Reached skill level 8 in Polearms
    42 | D        | Reached XP level 4. HP: 6/45 MP: 3/3
    49 | D        | Killed a water moccasin
    50 | D        | Reached skill level 10 in Polearms
    50 | D        | Reached XP level 5. HP: 7/53 MP: 4/4
    60 | D        | Reached XP level 6. HP: 5/62 MP: 5/5
    65 | D        | Found a snail-covered altar of Cheibriados.
    65 | D        | Found a shadowy altar of Dithmenos.
    65 | D        | Found a white marble altar of Elyvilon.
    65 | D        | Found a blossoming altar of Fedhas.
    65 | D        | Found an opulent altar of Gozag.
    66 | D        | Found a hazy altar of Hepliaklqana.
    67 | D        | Found a viscous altar of Jiyva.
    68 | D        | Found an ancient bone altar of Kikubaaqudgha.
    69 | D        | Found a corrupted altar of Lugonu.
    70 | D        | Found a burning altar of Makhleb.
    71 | D        | Found a sparkling altar of Nemelex Xobeh.
    72 | D        | Found an iron altar of Okawaru.
    73 | D        | Became a worshipper of Gozag Ym Sagoz the Greedy
    74 | D        | Found a stormy altar of Qazlal.
    75 | D        | Found a sacrificial altar of Ru.
    76 | D        | Found a shimmering blue altar of Sif Muna.
    77 | D        | Found a bloodstained altar of Trog.
    78 | D        | Found a hide-covered altar of Uskayaw.
    79 | D        | Found a radiant altar of Vehumet.
    80 | D        | Found an ornate altar of the Wu Jian Council.
    81 | D        | Found a shimmering altar of Xom.
    82 | D        | Found a basalt altar of Yredelemnul.
    83 | D        | Found a glowing silver altar of Zin.
    84 | D        | Found a glowing golden altar of the Shining One.
   250 | D        | Noticed a two-headed ogre
   250 | D        | Noticed an orc warrior
   255 | D        | Reached skill level 11 in Polearms
   259 | D        | Killed a two-headed ogre
   260 | D        | Reached skill level 10 in Fighting
   260 | D        | Reached skill level 14 in Polearms
   260 | D        | Reached skill level 10 in Armour
   260 | D        | Reached XP level 7. HP: 47/73 MP: 6/6
   267 | D        | Reached XP level 8. HP: 50/82 MP: 7/7
   275 | D        | Reached skill level 15 in Polearms
   292 | D        | Noticed a centaur warrior
   292 | D        | Noticed a cyan ugly thing
   292 | D        | Noticed a centaur warrior
   292 | D        | Noticed a catoblepas
   292 | D        | Noticed a two-headed ogre
   292 | D        | Noticed a deep elf pyromancer
   298 | D        | Killed a centaur warrior
   299 | D        | Reached skill level 16 in Polearms
   308 | D        | Incinerated by a deep elf pyromancer

Illustrated notes

Levels and vault maps discovered:
D:        linesprint [early_d, line_temple, items_1, d_10, items_2, lair_1,
          lair_end, items_3, orc_1, orc_end, items_4, d_15, swamp_1, shoals_1,
          snake_1, spider_1, d_20, vaults_1, items_5, swamp_end, shoals_end,
          snake_end, spider_end, vaults_end, d_27, items_6, zot_1, zot_end,
          crypt_end, forest_end, elf_end, slime_end, tomb_end, abyss_end,
          pan_hell_end]

Skill      XL: |  1  2  3  4  5  6  7  8 |
---------------+-------------------------+-----
Polearms       | 5 8 10 14 16 | 16.5
Fighting       | 5 6 8 10 11 12 | 12.4
Armour         | 5 6 8 10 11 12 | 12.4
Shields        | |  3.6

Action                     |  1- 3 |  4- 6 |  7- 9 || total
---------------------------+-------+-------+-------++-------
  Melee: Trident           |    26 |    17 |       ||    43
         Headbutt          |     4 |     4 |    10 ||    18
         Halberd           |       |     9 |    30 ||    39
    Use: Potion            |     1 |     1 |       ||     2
 Armour: Scale mail        |    16 |     6 |       ||    22
         Chain mail        |       |     2 |    25 ||    27
  Dodge: Dodged            |     6 |    10 |    12 ||    28
  Block: Buckler           |     5 |     2 |       ||     7
